 Dungeon Crawl Stone Soup version 0.13-a0-2133-ge955d09 (webtiles) character file.

2508 Greenblue the Grappler (level 9, -5/75 HPs)
             Began as a Naga Monk on June 28, 2013.
             Was a Believer of Okawaru.
             Splashed by a brown ugly thing's acid (9 damage)
             ... on Level 8 of the Dungeon.
             The game lasted 00:38:00 (7674 turns).

Greenblue the Martial Artist (Naga Monk)            Turns: 7674, Time: 00:38:00

HP  -5/75        AC  3     Str 16      XL: 9   Next: 38%
MP   8/8         EV 12     Int 18      God: Okawaru [**....]
Gold 240         SH  7     Dex 14      Spells:  0 memorised,  8 levels left

Res.Fire  : + + .   See Invis. : +     - Unarmed
Res.Cold  : . . .   Warding    : .   a - -2 robe
Life Prot.: . . .   Conserve   : .   D - -3 buckler "Saogub" {rF++ Str+2}
Res.Poison: +       Res.Corr.  : .   E - +0 golden helmet
Res.Elec. : .       Clarity    : .   (no cloak)
Sust.Abil.: . .     Spirit.Shd : .   B - -1 pair of gloves
Res.Mut.  : .       Stasis     : .   (no barding)
Res.Rott. : .       Flight     : .   (no amulet)
Saprovore : . . .                    s - +2 ring of evasion
                                     d - +5 ring of intelligence

@: mildly poisoned, very slow, somewhat resistant to hostile enchantments,
stealthy
A: spit poison, see invisible, deformed body, poison resistance, slowness 2, AC
+3
a: Spit Poison, Heroism, Renounce Religion


You were on level 8 of the Dungeon.
You worshipped Okawaru.
Okawaru was most pleased with you.
You were hungry.

You visited 1 branch of the dungeon, and saw 8 of its levels.

You collected 240 gold pieces.

Inventory:

Armour
 a - a -2 robe (worn)
 B - a -1 pair of gloves (worn)
 C - a +0 shield
 D - the -3 buckler "Saogub" (worn) {rF++ Str+2}
   (You took it off a gnoll on level 4 of the Dungeon)

   It affects your strength (+2).
   It greatly protects you from fire.
 E - a +0 golden helmet (worn)
 K - a +0 cloak
Magical devices
 n - a wand of magic darts (19)
 v - a wand of digging (12)
Comestibles
 b - 3 bread rations
 l - a meat ration
 z - an orange
 N - a pear
Scrolls
 c - a scroll of recharging {unknown}
 e - 6 scrolls of remove curse
 f - a scroll of teleportation
 g - 2 scrolls of fog {unknown}
 h - a scroll of curse armour {unknown}
 j - 2 scrolls of noise {unknown}
 m - a scroll of identify
 x - 3 scrolls of blinking {unknown}
 y - a scroll of fear {unknown}
 F - 2 scrolls of enchant weapon II {unknown}
 H - 3 scrolls of amnesia {unknown}
 I - a scroll of enchant weapon I {unknown}
 J - a scroll of immolation {unknown}
Jewellery
 d - a +5 ring of intelligence (left hand)
 s - a +2 ring of evasion (right hand)
 u - an uncursed amulet of stasis
 w - a +4 ring of intelligence
Potions
 i - a potion of restore abilities
 k - a potion of might
 o - a potion of resistance
 p - 2 potions of magic
 q - a potion of agility
 r - a potion of paralysis {unknown}
 t - a potion of slowing {unknown}
 A - a potion of heal wounds {unknown}
 G - a potion of poison {unknown}
 M - a potion of brilliance {unknown}


   Skills:
 - Level 3.0 Fighting
 - Level 2.6 Dodging
 - Level 3.0 Stealth
 + Level 3.3 Shields
 - Level 11.1 Unarmed Combat


You had 8 spell levels left.
You didn't know any spells.

Dungeon Overview and Level Annotations

Branches:
Dungeon (8/27)             Temple (0/1) D:7
    Orc: D:6-11        Lair: D:8-13

Altars:
Ashenzari
Okawaru
Vehumet
Xom

Shops:
D:5: }

Annotations
D:8 Blork the orc


Innate Abilities, Weirdness & Mutations

You cannot wear boots.
You can spit poison.
Your serpentine skin is tough (AC +3).
You have supernaturally acute eyesight.
Armour fits poorly on your strangely shaped body.
Your system is resistant to poisons.
You cover ground very slowly.


Message History

You are splashed with acid!
The acid corrodes your -1 robe!
The acid burns!
Drop what? (_ for help) (? for menu, Esc to quit)
You block the brown ugly thing's attack.
You start removing your armour.
You continue taking off your +0 cloak.
The brown ugly thing tentacle-slaps you but does no damage.
You finish taking off your +0 cloak.
You start removing your armour.
You continue taking off your -1 robe.
The brown ugly thing tentacle-slaps you!
You are splashed with acid!
The acid corrodes your -1 pair of gloves!
The acid burns!
* * * LOW HITPOINT WARNING * * *
You continue taking off your -1 robe.
* * * LOW HITPOINT WARNING * * *
You feel sick.
An arrow hits Blork the orc, but does no damage!
The brown ugly thing tentacle-slaps you!
* * * LOW HITPOINT WARNING * * *
You are splashed with acid!
The acid corrodes your -2 robe!
The acid burns!
You die...

##.### .....# .....###.#
..<......# .....##### .....#
##.###
#.##############################
#..............@uuuSo.........o.
################################


You could see 3 ugly things, Blork the orc and an adder.

Vanquished Creatures
  An ugly thing (D:8)
  Grinder (D:4)
  A sky beast (D:6)
  An ice beast (D:6)
  2 ogres
  A centaur (D:7)
  A giant frog zombie (D:3)
  A gnoll sergeant (D:6)
  2 giant frogs (D:6)
  3 killer bees
  A goliath beetle (D:7)
  A big kobold zombie (D:7)
  2 crimson imps (D:6)
  3 hounds
  An ogre skeleton (D:6)
  Crazy Yiuf (D:5)
  An orc priest (D:3)
  3 scorpions
  An orc wizard (D:6)
  A worker ant (D:5)
  9 gnolls
  11 adders
  An adder skeleton (D:5)
  3 worms
  3 giant mites
  2 giant eyeballs
  6 giant geckos
  9 orcs
  17 bats
  5 giant cockroaches
  10 goblins
  26 hobgoblins
  7 jackals
  15 kobolds
  4 training dummies (D:4)
  2 ball pythons
  4 giant newts
  A giant spore (D:6)
  3 quokkas
  13 rats
  3 ballistomycetes (D:6)
183 creatures vanquished.

Vanquished Creatures (others)
  2 jackals
2 creatures vanquished.

Grand Total: 185 creatures vanquished

Notes
Turn   | Place    | Note
--------------------------------------------------------------
     0 | D:1      | Greenblue, the Naga Monk, began the quest for the Orb.
     0 | D:1      | Reached XP level 1. HP: 19/19 MP: 0/0
   311 | D:1      | Reached XP level 2. HP: 26/26 MP: 1/1
   880 | D:1      | Reached XP level 3. HP: 15/33 MP: 2/2
  1104 | D:1      | Reached skill level 5 in Unarmed Combat
  1556 | D:1      | Reached XP level 4. HP: 32/40 MP: 3/3
  1629 | D:2      | Found a shattered altar of Ashenzari.
  2439 | D:2      | Found a radiant altar of Vehumet.
  2482 | D:2      | Reached skill level 6 in Unarmed Combat
  2778 | D:3      | Reached XP level 5. HP: 34/46 MP: 4/4
  3045 | D:3      | Reached skill level 7 in Unarmed Combat
  3045 | D:3      | Reached XP level 6. HP: 53/55 MP: 5/5
  3621 | D:4      | Noticed Grinder
  3623 | D:4      | Found an iron altar of Okawaru.
  4114 | D:4      | Got a pitted buckler
  4118 | D:4      | Identified the cursed -3 buckler "Saogub" {rF++ Str+2} (You took it off a gnoll on level 4 of the Dungeon)
  4676 | D:4      | Reached skill level 8 in Unarmed Combat
  4676 | D:4      | Reached XP level 7. HP: 52/61 MP: 6/6
  4769 | D:5      | Entered Level 5 of the Dungeon
  4769 | D:5      | Found Chaplingoe's Gadget Emporium.
  5001 | D:5      | Found a shimmering altar of Xom.
  5123 | D:6      | Reached skill level 9 in Unarmed Combat
  5425 | D:6      | Paralysed by a giant eyeball for 3 turns
  5441 | D:6      | Reached XP level 8. HP: 57/69 MP: 7/7
  5577 | D:6      | Reached skill level 10 in Unarmed Combat
  6435 | D:5      | Noticed Crazy Yiuf
  6441 | D:5      | Killed Crazy Yiuf
  6627 | D:4      | Killed Grinder
  6627 | D:4      | Reached skill level 11 in Unarmed Combat
  6627 | D:4      | Reached XP level 9. HP: 33/75 MP: 8/8
  6641 | D:4      | Became a worshipper of Warmaster Okawaru
  6641 | D:4      | Acquired Okawaru's first power
  6927 | D:7      | Found a staircase to the Ecumenical Temple.
  7074 | D:7      | Reached skill level 1 in Shields
  7331 | D:7      | Paralysed by a giant eyeball for 4 turns
  7340 | D:8      | Noticed Blork the orc
  7640 | D:8      | Noticed a green ugly thing
  7641 | D:8      | Noticed a green ugly thing
  7642 | D:8      | Noticed a green ugly thing
  7643 | D:8      | Noticed a green ugly thing
  7655 | D:8      | Killed a green ugly thing
  7674 | D:8      | Splashed by a brown ugly thing's acid

Action                   |  1- 3 |  4- 6 |  7- 9 || total
-------------------------+-------+-------+-------++-------
Melee: Unarmed           |    86 |   205 |   240 ||   531
Throw: Throwing net      |       |     1 |       ||     1
 Abil: Spit Poison       |    28 |    56 |    45 ||   129
Evoke: Wand              |       |     1 |       ||     1
  Use: Scroll            |       |     1 |     7 ||     8
       Potion            |       |       |     1 ||     1
 Stab: Sleeping          |     2 |     1 |       ||     3
       Distracted        |       |       |     1 ||     1
